Map: [ESL] NeoHumanity

Players

Scarlett

  • Race: Zerg Zerg
  • Spawn Location: 11:00

DisK - Winner!

  • Race: Protoss Protoss
  • Spawn Location: 5:00

Event: ESL SC2 Masters 2023 Summer (Regionals)

VOD

Have the link to the VOD?

Description

Time

  • Played on: May 12, 2023, 3:06 p.m.
  • Length: 11:41

All games in this series

Show
View Real Time Build Order
Export as new Build Order

Scarlett Zerg 

Build Orders: Hatch First 

Get SALT Encoding   

  12  0:00  Drone  
  13  0:12  Overlord  
  13  0:17  Drone  
  14  0:31  Drone  
  15  0:44  Hatchery  
  15  0:47  Drone  
  15  0:51  Drone  
  15  0:55  Drone  
  17  1:08  Spawning Pool  
  16  1:12  Drone  
  16  1:15  Extractor  
  16  1:18  Drone  
  17  1:20  Drone  
  18  1:30  Drone  
  19  1:43  Drone  
  20  1:53  Drone  
  21  1:56  Queen x2  
  21  1:57  Zergling x2  
  26  2:05  Overlord  
  26  2:08  Drone  
  27  2:14  Drone  
  28  2:23  Metabolic Boost  
  28  2:25  Drone x2  
  30  2:37  Hatchery  
  29  2:41  Drone x2  
  31  2:44  Overlord  
  31  2:48  Zergling x2  
  31  2:51  Queen  
  32  2:58  Drone x2  
  36  3:06  Drone x5  
  36  3:08  Drone  
  36  3:12  Overlord  
  42  3:16  Overlord  
  42  3:23  Queen  
  42  3:26  Overlord  
  44  3:36  Drone x5  
  49  3:44  Queen  
  49  3:45  Drone, Roach Warren  
  49  3:48  Drone  
  52  3:51  Overlord  
  52  3:55  Drone x2  
  53  4:05  Drone x5  
  59  4:10  Queen, Spore Crawler  
  59  4:13  Spore Crawler  
  60  4:17  Drone x4  
  60  4:20  Zergling x4  
  58  4:32  Drone x6  
  58  4:34  Spore Crawler  
  58  4:38  Drone x4, Evolution Chamber  
  66  4:47  Zergling x10  
  66  4:52  Drone x3  
  73  5:00  Overlord  
  73  5:01  Overlord  
  73  5:04  Zerg Melee Weapons Level 1  
  73  5:18  Queen  
  73  5:19  Hatchery, Overlord  
  73  5:20  Drone, Lair  
  73  5:21  Drone x6  
  81  5:23  Extractor  
  81  5:25  Extractor x2  
  81  5:27  Roach Warren  
  77  5:31  Drone x5  
  77  5:34  Zergling x4  
  84  5:36  Overlord  
  84  5:42  Drone x6  
  88  5:51  Overlord  
  88  5:52  Overlord x2  
  88  5:57  Hatchery  
  87  6:07  Drone x9  
  87  6:09  Extractor  
  87  6:11  Extractor  
  94  6:20  Unknown  
  94  6:21  Drone x3  
  94  6:25  Zergling x10  
  101  6:37  Glial Reconstitution  
  101  6:38  Drone x3, Baneling Nest  
  103  6:40  Infestation Pit  
  103  6:43  Drone x10  
  111  6:50  Drone  
  111  6:51  Drone x2  
  111  6:53  Drone x2  
  116  6:54  Spore Crawler  
  116  6:56  Roach x2  
  119  7:03  Drone  
  119  7:04  Zerg Melee Weapons Level 2  
  119  7:05  Roach, Evolution Chamber  
  119  7:07  Roach  
  119  7:08  Roach x6  
  134  7:12  Zergling x2  
  134  7:14  Zergling x8  
  139  7:21  Overlord x6  
  139  7:23  Centrifugal Hooks  
  139  7:24  Spore Crawler  
  139  7:27  Hive  
  136  7:39  Spire  
  136  7:40  Zergling x24  
  147  7:46  Zerg Missile Weapons Level 1  
  147  8:01  Overlord  
  147  8:02  Overlord x2  
  147  8:03  Zergling x28  
  161  8:09  Drone x3  
  161  8:10  Zergling x10  
  169  8:15  Roach x6  
  181  8:25  Zergling x10  
  184  8:37  Baneling x17, Ravager x4  
  184  8:38  Baneling x9  
  184  8:39  Zergling x18  
  192  8:41  Ravager x5  
  190  8:50  Zergling x20  
  190  8:52  Baneling x7  
  197  8:58  Zergling x12  
  196  9:03  Baneling x14  
  196  9:09  Roach x4  
  167  9:18  Roach  
  167  9:19  Roach x8  
  167  9:21  Ravager x2  
  167  9:22  Baneling x9  
  171  9:32  Roach x8  
  171  9:36  Roach x3  
  165  9:38  Roach  
  165  9:39  Roach  
  165  9:41  Roach x2  
  157  9:46  Roach x5  
  157  9:49  Roach x2  
  157  9:52  Roach x2  
  164  9:55  Roach x3  
  155  10:00  Roach x4  
  155  10:03  Roach x2  
  155  10:04  Roach  
  146  10:09  Roach x5  
  146  10:14  Ravager x2  
  144  10:15  Roach x3  
  144  10:19  Roach  
  153  10:25  Roach x2  
  153  10:26  Queen  
  153  10:27  Roach  
  159  10:30  Roach, Queen x2  
  159  10:33  Queen  
  169  10:35  Roach  
  169  10:36  Roach  
  169  10:37  Ravager x2  
  169  10:38  Roach  
  169  10:42  Roach  
  177  10:46  Extractor  
  177  10:47  Extractor  
  177  10:49  Roach x3  
  164  10:57  Hatchery  
  164  10:59  Roach  
  164  11:00  Roach x3  
  164  11:01  Ravager  
  164  11:04  Roach  
  164  11:05  Ravager  
  139  11:11  Roach x3  
  139  11:16  Roach  
  139  11:18  Roach x2  
Show
View Real Time Build Order
Export as new Build Order

DisK Protoss - Winner!

Build Orders: 1 Gate Expand, Oracle Opening 

Get SALT Encoding   

  12  0:00  Probe  
  13  0:12  Probe  
  14  0:19  Pylon  
  14  0:24  Probe  
  15  0:37  Probe (Chrono Boost)  
  15  0:39  Gateway  
  16  0:47  Probe (Chrono Boost), Assimilator  
  17  0:52  Probe (Chrono Boost)  
  18  1:03  Probe  
  19  1:15  Probe  
  20  1:24  Nexus  
  20  1:33  Cybernetics Core  
  20  1:37  Probe  
  21  1:42  Assimilator  
  21  1:49  Probe  
  21  1:53  Pylon  
  22  2:01  Probe (Chrono Boost)  
  23  2:09  Adept (Chrono Boost), Warp Gate  
  23  2:13  Probe (Chrono Boost)  
  26  2:18  Probe (Chrono Boost)  
  27  2:25  Stargate  
  28  2:30  Probe (Chrono Boost)  
  28  2:35  Stalker  
  30  2:37  Probe (Chrono Boost)  
  32  2:46  Probe x2 (Chrono Boost)  
  33  2:51  Probe (Chrono Boost)  
  33  2:53  Probe  
  35  3:03  Probe  
  35  3:05  Probe  
  37  3:08  Oracle (Chrono Boost)  
  40  3:15  Probe  
  40  3:17  Pylon  
  40  3:18  Probe  
  42  3:28  Probe  
  42  3:30  Probe  
  42  3:33  Nexus  
  44  3:35  Oracle (Chrono Boost)  
  44  3:40  Probe  
  48  3:43  Pylon  
  48  3:46  Probe  
  49  3:51  Assimilator x2  
  49  3:52  Probe  
  50  3:58  Gateway  
  50  3:59  Probe  
  51  4:04  Probe  
  52  4:10  Adept  
  52  4:11  Probe  
  52  4:14  Forge  
  52  4:16  Probe  
  56  4:23  Probe  
  56  4:24  Shield Battery  
  57  4:28  Probe  
  58  4:34  Robotics Facility  
  58  4:35  Probe  
  58  4:36  Pylon  
  59  4:41  Probe (Chrono Boost)  
  59  4:42  Twilight Council  
  59  4:43  Pylon  
  59  4:45  Probe (Chrono Boost)  
  61  4:48  Probe (Chrono Boost)  
  62  4:53  Probe (Chrono Boost), Protoss Ground Weapons Level 1 (Chrono Boost)  
  62  4:57  Probe (Chrono Boost)  
  62  4:58  Gateway  
  62  4:59  Probe (Chrono Boost), Gateway  
  65  5:02  Probe (Chrono Boost)  
  65  5:06  Probe (Chrono Boost), Blink (Chrono Boost)  
  66  5:08  Probe  
  68  5:16  Stalker x2  
  68  5:17  Probe x2  
  68  5:20  Probe  
  75  5:22  Observer  
  76  5:29  Probe  
  76  5:30  Probe  
  76  5:31  Robotics Bay  
  76  5:33  Probe  
  76  5:35  Robotics Facility  
  79  5:41  Probe  
  80  5:43  Probe  
  80  5:45  Probe, Assimilator  
  80  5:47  Assimilator  
  80  5:49  Pylon, Gateway  
  82  5:52  Gateway  
  82  5:53  Gateway  
  82  5:58  Forge  
  82  5:59  Gateway  
  82  6:00  Pylon  
  82  6:04  Probe x2  
  82  6:07  Stalker, Sentry  
  88  6:11  Stalker x2  
  95  6:31  Colossus  
  98  6:33  Colossus  
  98  6:34  Nexus  
  98  6:36  Extended Thermal Lance  
  98  6:39  Pylon  
  104  6:44  Stalker x2  
  108  6:47  Pylon  
  108  6:49  Protoss Ground Weapons Level 2 (Chrono Boost)  
  108  6:55  Probe, Pylon x2  
  108  6:57  Probe x2  
  108  6:59  Photon Cannon  
  111  7:13  Stalker x4  
  119  7:18  Probe x3  
  119  7:20  Shield Battery  
  122  7:25  Colossus (Chrono Boost)  
  122  7:26  Pylon  
  128  7:30  Colossus (Chrono Boost)  
  132  7:40  Probe x2  
  132  7:41  Probe  
  133  7:44  Stalker x3  
  133  7:47  Probe  
  140  7:52  Probe x2  
  142  7:59  Pylon  
  142  8:01  Pylon x2, Stalker  
  142  8:02  Stalker x2  
  142  8:05  Stalker  
  150  8:10  Stalker x3  
  156  8:17  Warp Prism  
  158  8:25  Charge  
  158  8:35  Stalker x8  
  164  8:59  Stalker x8  
  160  9:22  Stalker x8  
  164  9:29  Gateway  
  143  9:31  Gateway  
  111  9:49  Stalker x8  
  111  9:51  Probe  
  111  9:52  Probe x2  
  114  10:01  Observer  
  110  10:12  Stalker x7  
  118  10:15  Probe x4  
  122  10:27  Probe  
  126  10:32  Stalker x3  
  129  10:36  Zealot x3, Stalker x3  
  141  10:43  Probe x4  
  145  10:50  Stalker  
  145  10:55  Probe x2  
  145  10:58  Stalker x4  
  145  11:01  Zealot x2  
  145  11:12  Stalker x2  
  145  11:13  Stalker  
  147  11:20  Stalker  
Tags
 
Add a new tag
Caveats
  • Supply blocks, unpowered buildings, or Contaminate may cause inaccurate times.
  • Supply counts are checked every 10 seconds.